Cogmind - Beta 15 X1 @@@ ROGUE MODE // 2024.11.06 @ 17:43:54 Player: corey Result: Destroyed by P-70 Sage with High-powered Shock Rifle Performance ------------- Evolutions (5) 2500 Regions Visited (5) 1000 Robots Destroyed (27) 135 Value Destroyed (1020) 1020 Prototype IDs (2) 40 Alien Tech Used (0) 0 Bonus (300) 300 TOTAL SCORE: 4995 Bonus ------- Registered with UFD 300 Cogmind --------- Core Integrity 0/1000 Matter 369/550 Energy 100/100 System Corruption 9% Temperature Cool (21) Movement Core (450) Ox8 Location -5/Factory Parts ------- > --- POWER (2) -------- (None) > --- PROPULSION (5) --- (None) > --- UTILITY (7) ------ Large Storage Unit Matter Compressor Advanced Signal Interpreter Core Analyzer > --- WEAPON (3) ------- (None) > --- INVENTORY (15) --- Light Deuterium Engine Gravmag Array Improved Matter Compressor (300) Recoil Nullifier Precision Energy Filter Advanced ECM Suite Hardened Heavy Armor Plating High-powered Tractor Beam Improved Arc Projector Improved Remote Datajack Peak State ------------ > --- POWER ------------ Light Angular Momentum Engine Fusion Compressor > --- PROPULSION ------- Armored Medium Treads Carbon-fiber Leg Antigrav System Antigrav System Antigrav System > --- UTILITY ---------- Improved Heat Sink Large Storage Unit Matter Compressor Advanced Signal Interpreter Core Analyzer Improved Transmission Jammer Improved Hacking Suite > --- WEAPON ----------- Tesla Rifle Heavy Phase Cannon Magnetic Acceleration Cannon > --- INVENTORY -------- Light Deuterium Engine Gravmag Array Improved Matter Compressor Recoil Nullifier Precision Energy Filter Advanced ECM Suite Hardened Heavy Armor Plating High-powered Tractor Beam Tesla Rifle Tesla Rifle Improved Arc Projector Improved Remote Datajack [Rating: 90] Favorites ----------- Power Ion Engine Engine Ion Engine Power Core Fusion Compressor Propulsion Aluminum Leg Treads Armored Medium Treads Leg Aluminum Leg Hover Unit Antigrav System Utility Large Storage Unit Device Kinecellerator Storage Large Storage Unit Processor Advanced Signal Interpreter Hackware Improved Hacking Suite Protection Hardened Heavy Armor Plating Weapon Hypervelocity Gauss Rifle Energy Gun Tesla Rifle Energy Cannon Heavy Ion Cannon Ballistic Gun Hypervelocity Gauss Rifle Ballistic Cannon Heavy Flak Cannon Special Weapon Improved Remote Datajack Slashing Weapon Power Sword Build | -11 -10 -10 -9 -6 -5 ------- Run | Yrd Mat Sub Scr Fac Fac Slots Evolved 10 | . . . . 8 2 Power 1 | . . . . 1 . Propulsion 3 | . . . . 3 . Utility 5 | . . . . 3 2 Weapon 1 | . . . . 1 . Parts Attached 65 | 6 . . 7 20 32 Power 10 | 1 . . . 5 4 Engine 7 | 1 . . . 4 2 Core 3 | . . . . 1 2 Reactor . | . . . . . . Propulsion 12 | 2 . . . 6 4 Treads 1 | . . . . . 1 Leg 8 | 2 . . . 6 . Wheel . | . . . . . . Hover 3 | . . . . . 3 Flight . | . . . . . . Utility 26 | 1 . . 3 7 15 Device 15 | . . . 1 4 10 Storage 5 | 1 . . 1 1 2 Processor 4 | . . . 1 1 2 Hackware 1 | . . . . 1 . Protection 1 | . . . . . 1 Artifact . | . . . . . . Weapon 17 | 2 . . 4 2 9 Energy Gun 6 | . . . 1 . 5 Energy Cannon 3 | . . . 1 . 2 Ballistic Gun 4 | 2 . . 2 . . Ballistic Cannon 2 | . . . . 1 1 Launcher . | . . . . . . Special Weapon 1 | . . . . . 1 Impact Weapon . | . . . . . . Slashing Weapon 1 | . . . . 1 . Piercing Weapon . | . . . . . . Special Melee Weapon . | . . . . . . Unidentified Prototypes 2 | . . . . . 2 Parts Lost 32 | . . . . 2 30 Power 5 | . . . . . 5 Propulsion 10 | . . . . 1 9 Utility 7 | . . . . 1 6 Weapon 10 | . . . . . 10 Highest Loss Streak 15 | . . . . 1 15 To Critical Strikes . | . . . . . . Average Backups 9 | 2 4 6 8 10 11 Power 1 | . 1 1 1 . . Propulsion 2 | 1 2 3 1 3 2 Utility 3 | . . . 1 6 4 Weapon 2 | . 1 1 2 1 3 Tool/Special . | . . . . . . Unused Backups 26 | . . . 12 9 5 Power 2 | . . . 1 . 1 Propulsion 9 | . . . 4 4 1 Utility 6 | . . . 1 3 2 Weapon 6 | . . . 6 . . Tool/Special 3 | . . . . 2 1 Average Slot Usage (%) 92 | . 85 85 97 83 89 Engine 11 | . 14 14 14 7 7 Core 1 | . . . . 4 2 Leg 23 | . 28 28 28 18 17 Hover 1 | . . . . . 5 Device 11 | . . . 9 11 16 Storage 11 | . 14 14 14 9 6 Processor 4 | . . . 1 6 9 Hackware 1 | . . . . 2 4 Energy Gun 1 | . . . . . 4 Energy Cannon 5 | . . . 7 5 3 Ballistic Gun 13 | . 28 28 19 6 1 Slashing Weapon 1 | . . . . 5 2 Peak Build Rating 90 | 6 6 6 22 61 90 Average Rating 33 | 4 6 6 16 47 71 On Entrance 16 | . 6 6 6 19 61 Naked Turns . | . . . . . . Heaviest Build 69 | 14 14 14 43 63 69 Greatest Support 68 | 20 20 20 20 68 68 Greatest Overweight (x) 15 | . . . 2 2 15 Average Overweight (x) . | . . . . 1 . Largest Inventory Capacity 15 | 8 8 8 15 15 15 Average Capacity 11 | 6 8 8 9 15 14 Most Carried 15 | 4 5 8 15 15 15 Average Carried 11 | 2 4 6 9 14 14 Final Capacity 15 | 8 8 8 15 15 15 Final Carried 15 | 4 5 8 15 14 12 Class Distribution -------------------- 86% | Mutant 7% | Scavenger-Mutant Dominant Class ---------------- Mutant | -10/Materials Mutant | -10/Subcaves Mutant | -9/Scraptown Mutant | -6/Factory Mutant | -5/Factory Resources | -11 -10 -10 -9 -6 -5 ----------- Run | Yrd Mat Sub Scr Fac Fac Matter Collected 2131 | 191 49 80 . 664 1147 Remotely 125 | . . . . . 125 Salvage Created 1592 | . . 158 . 766 668 Parts 82 | . . 6 . 38 38 Haulers Intercepted . | . . . . . . Recyclers Shooed 3 | . . . . 1 2 Parts Field Recycled . | . . . . . . Retrieved Matter . | . . . . . . Parts Self-Destructed 6 | . . 6 . . . Prevented . | . . . . . . Kills | -11 -10 -10 -9 -6 -5 ------- Run | Yrd Mat Sub Scr Fac Fac Combat Hostiles Destroyed 17 | . . 3 . 7 7 Melee 7 | . . . . 5 2 Guns 6 | . . 3 . 2 1 Cannons 4 | . . . . . 4 Classes Destroyed 8 | . . 2 . 4 2 Worker 3 | . . . . 1 2 Builder 1 | . . . . . 1 Recycler 5 | . . . . 3 2 Operator 1 | . . . . . 1 Swarmer 2 | . . . . 2 . Grunt 4 | . . 1 . 3 . Programmer 9 | . . . . 2 7 Subdweller 2 | . . 2 . . . Best Kill Streak 3 | . . 2 . 3 3 Combat Bots Only 3 | . . 2 . 3 2 Max Kills in Single Turn 1 | . . 1 . 1 1 Gunslinging . | . . . . . . Exploded . | . . . . . . Melee 1 | . . . . 1 1 Uniques/NPCs Destroyed . | . . . . . . Combat | -11 -10 -10 -9 -6 -5 -------- Run | Yrd Mat Sub Scr Fac Fac Hostile Shots Fired 282 | . . 1 . 53 228 Missed 75 | . . . . 11 64 Damage Taken 4591 | . 10 31 . 721 3829 Core 1083 | . . . . 71 1012 Absorbed by Shields . | . . . . . . Core Remaining (%) 97 | 100 . . 100 91 . Volleys Fired 69 | . . 10 . 16 43 Largest 2 | . . 2 . 2 2 Hottest 155 | . . 40 . 98 155 Shots Fired 96 | . . 20 . 18 58 Gun 51 | . . 20 . 16 15 Cannon 44 | . . . . 2 42 Launcher . | . . . . . . Special 1 | . . . . . 1 Kinetic 58 | . . 20 . 17 21 Thermal 27 | . . . . 1 26 Explosive . | . . . . . . Electromagnetic 10 | . . . . . 10 Robot Hit Streak 17 | . . 2 . 3 17 Robot Miss Streak 4 | . . 2 . 2 4 Penetration Max . | . . . . . . Secondary Targets . | . . . . . . Shots Hit Robots 85 | . . 9 . 24 52 Core Hits 35 | . . 3 . 12 20 Critical Kills 3 | . . . . 2 1 Critical Parts Destroyed 3 | . . . . 3 . Critical Strikes 9 | . . . . 6 3 Destroy 6 | . . . . 5 1 Sever 3 | . . . . 1 2 Melee Attacks 39 | . . . . 18 21 Impact . | . . . . . . Slashing 39 | . . . . 18 21 Piercing . | . . . . . . Sneak Attacks 9 | . . . . 5 4 Combat Hostiles . | . . . . . . Follow-up Attacks . | . . . . . . Damage Inflicted 2857 | . . 113 . 855 1889 Guns 300 | . . 113 . 72 115 Cannons 1197 | . . . . 15 1182 Explosions . | . . . . . . Melee 1352 | . . . . 768 584 Ramming 8 | . . . . . 8 Kinetic 551 | . . 113 . 87 351 Thermal 866 | . . . . . 866 Explosive . | . . . . . . Electromagnetic 80 | . . . . . 80 Impact . | . . . . . . Slashing 1352 | . . . . 768 584 Piercing . | . . . . . . Highest Corruption 11 | . . . . 1 11 Average Corruption 6 | . . . . 1 7 Corruption Purged 5 | . . . . . 5 Corruption Blocked . | . . . . . . Effects 33 | . . . . 2 31 Message Errors 9 | . . . . . 9 Matter Fused 4 | . . . . 2 2 Heat Flow Errors 8 | . . . . . 8 Energy Discharges 2 | . . . . . 2 Parts Rejected 1 | . . . . . 1 Parts Fused 1 | . . . . . 1 Data Loss (minor) 2 | . . . . . 2 Data Loss (major) 1 | . . . . . 1 Misfires 2 | . . . . . 2 Alerts 2 | . . . . . 2 Weapon Failures 1 | . . . . . 1 Overload Shots . | . . . . . . Overflow Damage 276 | . . . . 115 161 Projectiles 98 | . . . . . 98 Explosions . | . . . . . . Melee 178 | . . . . 115 63 Knockbacks 7 | . . . . 1 6 Impact . | . . . . . . Kinetic 6 | . . . . 1 5 Secondary 1 | . . . . . 1 Self-Inflicted Damage 4 | . . . . . 4 Shots . | . . . . . . Rammed 1 | . . . . . 1 Targets Rammed 1 | . . . . . 1 Kicked . | . . . . . . Crushed . | . . . . . . Highest Temperature 446 | . . . . 15 446 Average Temperature 108 | . . . . 7 111 Received Heat Transfer 709 | . 6 12 . 189 502 Effects 16 | . . . . . 16 Shutdowns 2 | . . . . . 2 Energy Bleed 1 | . . . . . 1 Interference 5 | . . . . . 5 Matter Decay 1 | . . . . . 1 Short Circuit 2 | . . . . . 2 Damage (minor) 1 | . . . . . 1 Damage (major) 4 | . . . . . 4 Siege Activations . | . . . . . . Martial Activations . | . . . . . . Shielding Activations . | . . . . . . Robots Disrupted . | . . . . . . Combat Hostiles . | . . . . . . Robots Corrupted . | . . . . . . Combat Hostiles . | . . . . . . Parts Fried . | . . . . . . Impact Corruptions . | . . . . . . Robots Melted . | . . . . . . Combat Hostiles . | . . . . . . Parts Melted 3 | . . 1 . . 2 Heat Transferred 814 | . . . . . 814 Parts Sabotaged . | . . . . . . Parts Stolen . | . . . . . . Parts Stripped . | . . . . . . Power Chain Reactions . | . . . . . . Alert | -11 -10 -10 -9 -6 -5 ------- Run | Yrd Mat Sub Scr Fac Fac Maximum Alert Level . | . . . . . . Low Security (%) 100 | 100 100 . . 100 100 Level 1 . | . . . . . . Level 2 . | . . . . . . Level 3 . | . . . . . . Level 4 . | . . . . . . Level 5 . | . . . . . . High Security . | . . . . . . Max Security . | . . . . . . Peak Influence 70 | . . . . 70 48 Initial 25 | . . . . . 25 Average 8 | . . . . 11 6 Influence Increases 482 | . . 20 . 218 244 Destroy 0b10 Robot/C 300 | . . 20 . 140 140 Destroy 0b10 Robot/NC 50 | . . . . 20 30 Destroy Leader 70 | . . . . 40 30 Successful Hack 26 | . . . . 2 24 Destroy Structure 21 | . . . . 1 20 Lose Combat Pursuer 15 | . . . . 15 . Influence Decreases 455 | . . 20 . 166 269 Time Decay 353 | . . 20 . 152 181 Lost Part 102 | . . . . 14 88 Squads Dispatched 7 | . . . . 3 4 Investigation 2 | . . . . 1 1 Extermination 4 | . . . . 1 3 Reinforcement 1 | . . . . 1 . Assault . | . . . . . . Garrison . | . . . . . . Intercept . | . . . . . . Searches Triggered . | . . . . . . Construction Impeded . | . . . . . . Haulers Reinforced . | . . . . . . Active Scanning Responses . | . . . . . . Cargo Convoy Interrupts . | . . . . . . Stealth | -11 -10 -10 -9 -6 -5 --------- Run | Yrd Mat Sub Scr Fac Fac Distress Signals 1 | . . . . . 1 Communications Jammed 35 | . . . . . 35 Distress Signals 35 | . . . . . 35 Times Spotted 34 | . 1 6 . 8 19 Peak Tracking Total 9 | . 1 2 . 3 9 Tactical Retreats 1 | . . . . 1 . Traps | -11 -10 -10 -9 -6 -5 ------- Run | Yrd Mat Sub Scr Fac Fac Traps Triggered . | . . . . . . Indirectly . | . . . . . . Trap Hack Attempts . | . . . . . . Triggered . | . . . . . . Disarmed . | . . . . . . Reprogrammed . | . . . . . . Reused . | . . . . . . Traps Extracted . | . . . . . . Installed . | . . . . . . Triggered . | . . . . . . Machines | -11 -10 -10 -9 -6 -5 ---------- Run | Yrd Mat Sub Scr Fac Fac Machines Disabled . | . . . . . . Max in Single Turn . | . . . . . . Machines Repaired . | . . . . . . Machines Dismantled . | . . . . . . Machines Sabotaged . | . . . . . . Overloaded Fab Kills . | . . . . . . Hacking | -11 -10 -10 -9 -6 -5 --------- Run | Yrd Mat Sub Scr Fac Fac Machines Accessed 11 | . 1 . 3 2 5 Terminals 3 | . 1 . . . 2 Fabricators 1 | . . . . 1 . Repair Stations . | . . . . . . Recycling Units 2 | . . . . . 2 Scanalyzers 2 | . . . . 1 1 Garrison Access . | . . . . . . Total Hacks 42 | . 1 . 19 12 10 Successful 42 | . 1 . 19 12 10 Failed . | . . . . . . Catastrophic . | . . . . . . Database Lockouts . | . . . . . . Manual 2 | . . . . . 2 Terminals 3 | . 1 . . . 2 Fabricators 2 | . . . . 2 . Repair Stations . | . . . . . . Recycling Units 3 | . . . . . 3 Scanalyzers 15 | . . . . 10 5 Garrison Access . | . . . . . . Terminal Hacks 20 | . 1 . 19 . . Record 19 | . . . 19 . . Locate Traps 1 | . 1 . . . . Fabricator Hacks 2 | . . . . 2 . Load Schematic 1 | . . . . 1 . Build 1 | . . . . 1 . Repair Station Hacks . | . . . . . . Recycling Unit Hacks 3 | . . . . . 3 Report Inventory 1 | . . . . . 1 Retrieve Components 2 | . . . . . 2 Scanalyzer 15 | . . . . 10 5 Insert Component 8 | . . . . 5 3 Analyze 7 | . . . . 5 2 Garrison Access Hacks . | . . . . . . Unauthorized Hacks 2 | . . . . . 2 Terminals 2 | . . . . . 2 Botnet 2 | . . . . . 2 Fabricators . | . . . . . . Repair Stations . | . . . . . . Recycling Units . | . . . . . . Scanalyzers . | . . . . . . Garrison Access . | . . . . . . Data Cores Recovered . | . . . . . . Used . | . . . . . . Hacking Detections 4 | . . . . 2 2 Full Trace Events 2 | . . . . 1 1 Feedback Events . | . . . . . . Feedback Blocked . | . . . . . . Robot Schematics Acquired . | . . . . . . Robots Built . | . . . . . . Authchips . | . . . . . . Time . | . . . . . . Total Robot Build Rating . | . . . . . . Part Schematics Acquired 7 | . . . . 5 2 Parts Built 2 | . . . . 2 . Authchips . | . . . . . . Time 62 | . . . . 62 . Total Part Build Rating 4 | . . . . 4 . Parts Repaired . | . . . . . . Time . | . . . . . . Parts Recycled . | . . . . . . Recycled Matter . | . . . . . . Retrieved Matter . | . . . . . . Retrieved Components 10 | . . . . . 10 Parts Scanalyzed 7 | . . . . 5 2 Part Schematics Acquired 7 | . . . . 5 2 Parts Damaged 1 | . . . . . 1 Bothacking | -11 -10 -10 -9 -6 -5 ------------ Run | Yrd Mat Sub Scr Fac Fac Used RIF Installer . | . . . . . . Robots Hacked 1 | . . . . . 1 Non-combat 1 | . . . . . 1 Combat . | . . . . . . Robot Hacks Applied 1 | . . . . . 1 find_chute 1 | . . . . . 1 Relay Couplers Released 3 | . . . . 3 . Programmers 3 | . . . . 3 . Fabnet Peak Effective % . | . . . . . . Robots Rewired . | . . . . . . Allies Hacked . | . . . . . . Hacks Repelled . | . . . . . . Allies | -11 -10 -10 -9 -6 -5 -------- Run | Yrd Mat Sub Scr Fac Fac Total Allies . | . . . . . . Largest Group . | . . . . . . Highest-Rated Group . | . . . . . . Highest-Rated Ally . | . . . . . . Total Orders 13 | . . . . 13 . STAY 1 | . . . . 1 . EXPLORE 8 | . . . . 8 . RETURN 4 | . . . . 4 . Ally Attacks . | . . . . . . Total Damage . | . . . . . . Kills . | . . . . . . Allies Corrupted . | . . . . . . Allies Melted . | . . . . . . Intel | -11 -10 -10 -9 -6 -5 ------- Run | Yrd Mat Sub Scr Fac Fac Active Infowar (turns) 2136 | . . . . 1036 1100 Sensors 1508 | . . . . 1036 472 Structural 37 | . . . . . 37 Jamming 653 | . . . . . 653 ECM 207 | . . . . 2 205 Robot Analysis Total . | . . . . . . Derelict Logs Recovered 1 | . . 1 . . . Drone Launches 6 | . . . . 6 . Drone Recoveries 4 | . . . . 4 . Exploration | -11 -10 -10 -9 -6 -5 ------------- Run | Yrd Mat Sub Scr Fac Fac Turns Passed 5337 | 59 65 235 2728 1049 1201 Spaces Moved 2627 | 44 42 151 1509 316 565 Core 13 | 9 . . . . 4 Treads . | . . . . . . Legs 2378 | 35 42 151 1509 316 325 Wheels . | . . . . . . Hover 236 | . . . . . 236 Flight . | . . . . . . Fastest Speed 50 | 50 120 120 120 120 120 Average Speed 167 | 105 120 120 178 198 142 Slowest Speed 800 | 120 120 120 260 260 800 Overloaded Moves . | . . . . . . Propulsion Burnouts . | . . . . . . Robots Hopped . | . . . . . . Cave-ins Triggered . | . . . . . . Exploration Rate (%) 20 | 3 6 10 84 13 7 Regions Visited 5 Branch Regions 2 Pre-discovered Areas . | . . . . . . Known Exits Taken 2 | . . . 1 1 . Unknown Exits Taken 3 | 1 1 1 . . . Scrap Searched . | . . . . . . Spaces Dug 8 | . . . . 1 7 Terrain Destroyed 12 | . . . . 1 11 Melee 8 | . . . . 1 7 Projectile 4 | . . . . . 4 AOE . | . . . . . . Terrain Rammed . | . . . . . . Walls Destroyed . | . . . . . . Machines Disabled . | . . . . . . Actions | -11 -10 -10 -9 -6 -5 --------- Run | Yrd Mat Sub Scr Fac Fac Total 3429 | 53 56 185 1558 701 876 Wait 483 | . 14 22 6 290 151 Move 2622 | 43 41 150 1508 315 565 Hop . | . . . . . . Pick Up 70 | 4 1 3 18 17 27 Fast Attach 32 | 6 . . 4 5 17 Attach 29 | . . . . 11 18 Detach 6 | . . . . 2 4 Swap 22 | . . . 4 8 10 Drop 56 | . . . 18 19 19 Fire 69 | . . 10 . 16 43 Melee 39 | . . . . 18 21 Ram 1 | . . . . . 1 Kick . | . . . . . . Crush . | . . . . . . Escape Stasis . | . . . . . . Rewire . | . . . . . . Trap . | . . . . . . Miscellaneous . | . . . . . . Route ------- -11/Scrapyard -10/Materials -10/Subcaves -9/Scraptown (discovered 2 exits: *Fac x2) -6/Factory -5/Factory History --------- Turn | Location | Event 9 | -11/Scrapyard | Discovered new exit (range 16) 60 | -11/Scrapyard | Entered Materials 61 | -10/Materials | Met a group of wandering Federalists 88 | -10/Materials | Discovered new exit (range 10) 125 | -10/Materials | Entered Subcaves 125 | -10/Subcaves | Accompanied by 4 allies 126 | -10/Subcaves | Continued accompanying wandering Federalists (6) 126 | -10/Subcaves | Approached by a straggling Scientist 184 | -10/Subcaves | Lost 3 allies 308 | -10/Subcaves | Build established: Mutant 344 | -10/Subcaves | Wandering Federalist uncovered a shortcut to Scraptown 347 | -10/Subcaves | Shifting Twisted Machinery released Mak. Light Armor Plating 360 | -10/Subcaves | Entered Scraptown 592 | -9/Scraptown | Visited Spacefarers 666 | -9/Scraptown | Discovered new exit (range 13) 1322 | -9/Scraptown | Visited Assassins FH 1387 | -9/Scraptown | Visited Comm Corps 1518 | -9/Scraptown | Visited UFD Registry 1518 | -9/Scraptown | Registered with UFD as "Shortmech" 1617 | -9/Scraptown | Visited Supply Room 1709 | -9/Scraptown | Visited Abandonware Association 1830 | -9/Scraptown | Found Scrap Suit 1909 | -9/Scraptown | Discovered new exit (range 5) 1996 | -9/Scraptown | Visited Cartography Club 2049 | -9/Scraptown | Visited Science Testing Area 2190 | -9/Scraptown | Visited Derelict Rescue Squad 2213 | -9/Scraptown | Found DRS Beacon 2250 | -9/Scraptown | Visited LU-1G1's Boring Crew 2663 | -9/Scraptown | Visited Junk Repository 2773 | -9/Scraptown | Visited Chapter 10 2839 | -9/Scraptown | Visited Scrap Suit Storage 2999 | -9/Scraptown | Identified exit to Factory 3088 | -9/Scraptown | Entered Factory 3088 | -6/Factory | Evolved 8 slots: Power x1, Propulsion x3, Utility x3, Weapon x1 3556 | -6/Factory | Discovered new exit (range 65) 4019 | -6/Factory | Identified exit to Factory 4110 | -6/Factory | Fabricated Imp. Aluminum Leg (x2) 4137 | -6/Factory | Entered another Factory area 4137 | -5/Factory | Evolved 2 slots: Utility x2 4410 | -5/Factory | Lost 3 parts (1p2u) 4713 | -5/Factory | Lost 4 parts (1n1u2w) 4770 | -5/Factory | System corruption reached 10% 4800 | -5/Factory | Lost 4 parts (2n2w) 4850 | -5/Factory | Lost 4 parts (2p1n1w) 5126 | -5/Factory | Build established: Scavenger-Mutant 5327 | -5/Factory | Core integrity fell below 50% 5334 | -5/Factory | Core integrity fell below 20% 5338 | -5/Factory | Destroyed by P-70 Sage with High-powered Shock Rifle Last Messages --------------- 05323_ K-01 Serf collects debris. 05325_ Penetrated by Slug. 05326_ Broken Magnetic Acceleration Cannon destroyed. 05326_ Penetrated by Slug. 05327_ Fusion Compressor destroyed. 05327_ Penetrated by Slug. 05328_ K-01 Serf collects debris. 05328_ Critical hit (Burn: +37). 05328_ Penetrated by Slug. 05331_ K-01 Serf collects debris. 05331_ Penetrated by Slug. 05332_ U-05 Engineer builds a Wall. 05332_ R-10 Processor collects Wheel. 05333_ Slug penetrates R-10 Processor. 05335_ Critical hit (Burn: +50). 05335_ R-10 Processor collects Corrupted Com. Wheel. 05336_ P-70 Sage resets R-10 Processor, system corruption cleaned. 05337_ Penetrated by Slug. 05337_ K-01 Serf collects debris. 05337_ Penetrated by Slug. Map ----- +----------------------------------------------------+ | ?????????????????????????????????????????????????? | | ??????????????????????" ?????????????????????????? | | ?????????????????????? ?????????????????????????? | | ????????????????# ????" ?????????????????????????? | | ???????????????? ???" ????????????????????????? | | ??????????????? """ ????????????????????????? | | ???????????????? "" ????????????????????????? | | ?????????????????# "" ???????????????????????? | | ?????????????????# ???????????????????????? | | ?????????????????# ???????????????????????? | | ??????????????????? ###????????????????????? | | ?????????????????????][[ #????????????????????? | | ???????????????????????/ #????????????????????? | | ????????????????????????? #????????????????????? | | ????????????????###+#######+##???????????????????? | | ????????????????# #???????????????????? | | ????????????????# "" #???????????????????? | | ????????????????# ""S #???????????????????? | | ????????????????# "" """ #???????????????????? | | ????????????????# """" %########????????????? | | ????????????????# """" k## ############## | | ????????????????# ! """ Y!##& """#! # | | ????????????????# """===## """# """ """ # | | ????????????????# ! """|%%## """# """ """ # | | ????????????????# ""ggg%## # """ """ # | | ????????????????# @Y !## # # | | ????????????????# !*pgR## # """ """ # | | ????????????????###########p#####+### """ """ # | | ?????????????????????????## ### # """ """ # | | ???????????????????####### " # # | | ?????????????????? u "T # # | | ?????????????????######### # + | | ?????????????????????????### ## # " "T""" # | | ?????????????????????????###+#### ####+########### | | ???????????????????????????? #??# #??# #?????????# | | ???????????????????????????? #??# #??# #?????????# | | ???????????????????????????? #??# #### ########### | | ???????????????????????????? #??# | | ???????????????????????????? #??# | | ???????????????????????????? #??# """ "" "" | | ?????????????????????????????#??# """"" "F "" | | ????????????????????????????????# """"" " "" | | ????????????????????????????????# ## | | ????????????????????????????????# ## | | ??????????????????????????????? # | | ??????????????????????????????? + | | ??????????????????????????????""""" # | | ?????????????????????????????? # | | ??????????????????????????????""""" # | | ?????????????????????????????? # | +----------------------------------------------------+ Best States ------------- Heat Dissipation 59 Energy Generation 38 Energy Capacity 400 Matter Stores 450 Matter Capacity 550 Sight Range 16 Robot Scan Range 15 Terrain Scan Density 10 ECM Strength 2 Jamming Range 14 Evasion (%) 55 Target Analysis 6 Core Analysis 6 Energy Filtering 50 Kinecelleration 30 Offensive Hacking 12 Item Schematics ----------------- Imp. Aluminum Leg | -6/Factory | Scanalyzed Matter Compressor | -6/Factory | Scanalyzed Power Sword | -6/Factory | Scanalyzed Hpw. Tractor Beam | -6/Factory | Scanalyzed Adv. Heat Sink | -6/Factory | Scanalyzed Magnetic Acceleration Cannon | -5/Factory | Scanalyzed Gravmag Array | -5/Factory | Scanalyzed Robot Schematics ------------------ None Fabricated ------------ Imp. Aluminum Leg | x2 | -6/Factory Repaired ---------- Nothing Alien Tech Used ----------------- None Achievements -------------- None Challenges ------------ None Game ------ Seed SubatomicHypervelocityBasin Manual? 0 Play Time 01:22:20 Cumulative 42.0 hours Start 2024.11.06 @ 09:32:41 End 2024.11.06 @ 17:43:54 Sessions 5 Manual Loads 0 Difficulty Rogue Special Mode None Game No. 48 Rogue 48 Adventurer 0 Explorer 0 Win Type - Total 0 Types 0/0/0/0/0/0/0/0/0 Lore% 16 Gallery% 30 Achievement% 24 Wizard Run 0 Options --------- Layout 1 ASCII 0 Keyboard 0 Movement Numpad Keybinds 0 Fullscreen 1 Font 32/SmallcapsGlow Map View 77x35 Zoom Use 0% Tactical HUD 1 Map Filters NONE Filters NONE Steam 1 RUN: 22f04854-594d-4178-9322-c24e2b64b404